 Dungeon Crawl Stone Soup version 0.21.1-1-g345015f (webtiles) character file.

27890 kae the Martial Artist (level 13, 0/107 HPs)
             Began as a Demonspawn Monk on Apr 25, 2018.
             Was an Elder of Wu Jian.
             Slain by an ice devil (10 damage)
             ... on level 3 of the Lair of Beasts.
             The game lasted 00:21:43 (22268 turns).

kae the Martial Artist (Demonspawn Monk)           Turns: 22268, Time: 00:21:43

Health: 0/107      AC: 10    Str: 11    XL:     13   Next: 6%
Magic:  13/13      EV: 15    Int: 14    God:    Wu Jian [****..]
Gold:   1011       SH: 13    Dex: 19    Spells: 12/12 levels left

rFire    + . .     SeeInvis .     - Unarmed
rCold    + . .     Gourm    .   (no shield)
rNeg     . . .     Faith    .   o - +0 ring mail
rPois    .         Spirit   .   M - +0 helmet
rElec    .         Reflect  +   v - +2 cloak
rCorr    +         Harm     .   (no gloves)
MR       .....                  (boots unavailable)
Stlth    ++........             t - +5 amulet of reflection
HPRegen  0.27/turn              h - ring of resist corrosion
MPRegen  0.13/turn              l - ring of protection from fire

@: no status effects
A: talons 3, large bone plates 3, cold resistance 1, foul stench 1, powered by
pain 1, rot immunity
a: Wall Jump, Serpent's Lash, Renounce Religion


You were on level 3 of the Lair of Beasts.
You worshipped Wu Jian.
Wu Jian was greatly pleased with you.
You were not hungry.

You visited 3 branches of the dungeon, and saw 16 of its levels.
You also visited: Sewer.

You collected 1165 gold pieces.
You spent 154 gold pieces at shops.

Inventory:

Armour
 o - a +0 ring mail (worn)
 v - a +2 cloak (worn)
 M - a +0 helmet (worn)
Jewellery
 h - a ring of resist corrosion (left hand)
 i - an uncursed amulet of guardian spirit
 l - a ring of protection from fire (right hand)
 t - a +5 amulet of reflection (around neck)
 Q - an uncursed ring of positive energy
Wands
 c - a wand of disintegration (7)
 s - a wand of paralysis (49)
 z - a wand of acid (12)
 B - a wand of polymorph (37)
 E - a wand of flame (36)
 J - a wand of enslavement (14)
 N - a wand of clouds (6)
 P - a wand of random effects (27)
 U - a wand of scattershot (7)
Scrolls
 d - 4 scrolls of teleportation
 e - 3 scrolls of immolation
 f - 4 scrolls of random uselessness
 g - 10 scrolls of remove curse
 j - 17 scrolls of identify
 m - 3 scrolls of enchant weapon
 n - 4 scrolls of amnesia
 p - 7 scrolls of blinking
 q - 2 scrolls of enchant armour
 y - 2 scrolls of magic mapping
Potions
 a - a potion of ambrosia
 k - 4 potions of flight
 r - 6 potions of curing
 x - a potion of berserk rage
 A - a potion of mutation
 C - a potion of cancellation
 D - a potion of haste
 H - 2 potions of resistance
 K - 3 potions of agility
 T - a potion of might
Books
 u - the Compendium of Stolen Souls
   (You found it on level 8 of the Dungeon)

   Spells                             Type                      Level
   a - Regeneration                   Charms/Necromancy            3
   b - Vampiric Draining              Necromancy                   3
   c - Animate Dead                   Necromancy                   4
   d - Dispel Undead                  Necromancy                   5
   e - Borgnjor's Vile Clutch         Necromancy/Earth             5
 F - a book of Conjurations

   Spells                             Type                      Level
   a - Magic Dart                     Conjuration                  1
   b - Searing Ray                    Conjuration                  2
   c - Dazzling Spray                 Conjuration/Hexes            3
   d - Fulminant Prism                Conjuration/Hexes            4
   e - Force Lance                    Conjuration/Translocation    4
   f - Iskenderun's Mystic Blast      Conjuration                  4
 I - a book of Misfortune

   Spells                             Type                      Level
   a - Confusing Touch                Hexes                        1
   b - Confuse                        Hexes                        3
   c - Gell's Gravitas                Translocation                3
   d - Petrify                        Transmutation/Earth          4
   e - Metabolic Englaciation         Hexes/Ice                    5
   f - Yara's Violent Unravelling     Hexes/Transmutation          5
 L - a book of Geomancy

   Spells                             Type                      Level
   a - Sandblast                      Earth                        1
   b - Passwall                       Transmutation/Earth          2
   c - Stone Arrow                    Conjuration/Earth            3
   d - Petrify                        Transmutation/Earth          4
   e - Lee's Rapid Deconstruction     Earth                        5
Comestibles
 b - 31 rations


   Skills:
 + Level 11.9 Fighting
 + Level 6.2 Armour
 + Level 6.9 Dodging
 - Level 1.7 Stealth
 * Level 14.7 Unarmed Combat


You had 12 spell levels left.
You didn't know any spells.

Dungeon Overview and Level Annotations

Branches:
Dungeon (12/15)            Temple (1/1) D:5            Lair (3/6) D:11
 Shoals (0/4) Lair:3        Snake (0/4) Lair:3          Orc (0/2) D:10

Altars:
Ashenzari
Cheibriados
Dithmenos
Elyvilon
Fedhas
Gozag
Hepliaklqana
Kikubaaqudgha
Makhleb
Nemelex Xobeh
Okawaru
Qazlal
Ru
Sif Muna
Trog
Uskayaw
Vehumet
Wu Jian
Xom
Yredelemnul
Zin
The Shining One

Shops:
D:5 (   D:6 ?


Innate Abilities, Weirdness & Mutations

You have claws for feet.
You are completely covered in large bone plates. (SH +8)
Your flesh is cold resistant. (rC+)
You may emit foul miasma when damaged in melee.
You sometimes gain a little power by taking damage.
You are immune to rotting.


Message History

* * * LOW HITPOINT WARNING * * *
You closely miss the ice devil.
You claw the ice devil, but do no damage.
Your punch misses the ice devil.
The ice devil is moderately wounded.
The ice devil closely misses you.
You closely miss the ice devil.
The ice devil is moderately wounded.
The ice devil hits you!
* * * LOW HITPOINT WARNING * * *
The ice devil freezes you. You resist.
* * * LOW HITPOINT WARNING * * *
You punch the ice devil!
You claw the ice devil, but do no damage.
You punch the ice devil, but do no damage.
The ice devil is heavily wounded.
You feel better. The ice devil hits you.
* * * LOW HITPOINT WARNING * * *
The ice devil freezes you! You resist.
You die...

*,,,,,,,,,,,,,,,,...........#*
*,,**,,**,,,,,,,,....<......##
**,,*****#.**,***,*...........#
*,,,,* #..*** **,,..........#
*,,,,*####.#* ****#.........
**,,###.#..## ***####.........
**,........###*,...##.........
*,,,.......+.##....##.........
**,**,,#P..#.@4....##.........
*,,,****#..'.##....##........#
*,,,* ##.####*,...##.........
*,,** ##..# ***####.........
**,,** #.#.## #######........#
*,*,,* ##..P####.#............#
***,** #P.....................P
*** #####P#.#.######.#.PP#..
####### #########


You could see an ice devil.

Vanquished Creatures
  The ghost of arthur the Geomancer, a journeyman GrEE of Vehumet (D:10)
  A hydra (Lair:3)
  The ghost of kae the Martial Artist, a journeyman DsMo of Wu Jian (D:11)
  3 two-headed ogres
  The ghost of kae the Martial Artist, a novice DsMo of Wu Jian (D:8)
  Pikel (D:3)
  2 deep elf magi (D:12)
  3 ugly things
  A merfolk siren (Lair:3)
  2 guardian serpents (D:9)
  3 black mambas
  5 spiny frogs
  2 centaur skeletons
  3 komodo dragons
  An ice devil (Lair:3)
  A tengu conjurer (D:10)
  A polar bear (Lair:3)
  3 trolls
  3 blink frogs (Lair:3)
  2 hippogriffs
  Eustachio (D:5)
  2 wyverns
  15 yaks
  A hungry ghost (D:10)
  8 water moccasins
  2 soldier ants (D:11)
  Duvessa (D:4)
  6 porcupines
  2 sky beasts
  4 orc warriors
  A swamp drake (D:10)
  4 ice beasts
  2 black bears (D:9)
  5 phantoms
  A slave (D:4)
  2 eyes of draining
  12 ogres
  11 wolves
  4 centaurs
  8 crocodiles
  A big kobold (Sewer)
  22 bullfrogs
  2 gnoll sergeants
  Dowan (D:4)
  2 scorpions
  3 wights (D:7)
  4 killer bees (D:4)
  3 howler monkeys
  4 electric eels (D:11)
  7 crimson imps
  11 hounds
  A quasit (D:8)
  2 centaur zombies
  3 jellies
  8 orc priests
  A bullfrog skeleton (D:11)
  8 orc wizards
  Crazy Yiuf (D:3)
  An iguana (D:7)
  10 worker ants
  2 hound skeletons (D:7)
  2 worker ant zombies (D:5)
  10 gnolls
  A howler monkey skeleton (D:6)
  15 adders
  2 river rats
  5 shadow imps
  An ooze (D:6)
  2 adder zombies
  3 worms
  4 dart slugs
  6 leopard geckos
  34 orcs
  7 bats
  7 giant cockroaches
  3 hobgoblins
  12 jackals
  8 quokkas
  2 ball pythons
  4 frilled lizards
  6 goblins
  11 kobolds
  A leopard gecko skeleton (D:7)
  A leopard gecko zombie (D:5)
  13 rats
389 creatures vanquished.

Vanquished Creatures (others)
  3 slaves (D:4)
  A human (D:10)
  A hound (D:11)
  An orc (D:10)
  A fungus (Lair:2)
7 creatures vanquished.

Grand Total: 396 creatures vanquished

Notes
Turn   | Place    | Note
-------+----------+-------------------------------------------
     0 | D:1      | kae the Demonspawn Monk began the quest for the Orb.
     0 | D:1      | Reached XP level 1. HP: 18/18 MP: 1/1
   256 | D:1      | Reached skill level 3 in Unarmed Combat
   261 | D:1      | Gained mutation: You have sharp toenails. [demonic ancestry]
   261 | D:1      | Reached XP level 2. HP: 16/24 MP: 2/2
  1297 | D:1      | Gained mutation: You have razor-sharp toenails. [demonic ancestry]
  1297 | D:1      | Reached XP level 3. HP: 8/29 MP: 3/3
  1550 | D:1      | Reached skill level 4 in Unarmed Combat
  1550 | D:1      | Gained mutation: You are immune to rotting. [demonic ancestry]
  1550 | D:1      | Reached XP level 4. HP: 12/37 MP: 4/4
  1904 | D:2      | Found a glowing golden altar of the Shining One.
  2507 | D:3      | Gained mutation: You are partially covered in large bone plates. (SH +4) [demonic ancestry]
  2507 | D:3      | Reached XP level 5. HP: 42/42 MP: 5/5
  2787 | D:3      | Found a runed door.
  3118 | D:3      | Noticed Crazy Yiuf
  3138 | D:3      | Killed Crazy Yiuf
  3468 | D:4      | Noticed Pikel
  3468 | D:4      | Noticed a slave
  3468 | D:4      | Noticed a slave
  3468 | D:4      | Noticed a slave
  3468 | D:4      | Noticed a slave
  3468 | D:4      | Noticed an ogre
  3677 | D:4      | Killed a slave
  3812 | D:3      | HP: 2/42 [ogre/giant club (22)]
  3814 | D:3      | Killed an ogre
  3814 | D:3      | Reached skill level 5 in Unarmed Combat
  3814 | D:3      | Gained mutation: You may emit foul miasma when damaged in melee. [demonic ancestry]
  3814 | D:3      | Reached XP level 6. HP: 3/49 MP: 6/6
  4300 | D:3      | Killed Pikel
  4300 | D:3      | Reached skill level 5 in Fighting
  4300 | D:3      | Reached skill level 6 in Unarmed Combat
  4300 | D:3      | Gained mutation: You are mostly covered in large bone plates. (SH +6) [demonic ancestry]
  4300 | D:3      | Reached XP level 7. HP: 20/56 MP: 7/7
  4506 | D:4      | Noticed Duvessa
  4536 | D:4      | Killed Duvessa
  4536 | D:4      | Reached skill level 7 in Unarmed Combat
  4539 | D:4      | Noticed Dowan
  4560 | D:4      | Killed Dowan
  4939 | D:4      | Reached XP level 8. HP: 52/64 MP: 8/8
  5532 | D:4      | Found a snail-covered altar of Cheibriados.
  5651 | D:5      | Entered Level 5 of the Dungeon
  5656 | D:5      | Found Busiu's Antique Weapon Boutique.
  5736 | D:5      | Reached skill level 8 in Unarmed Combat
  5742 | D:5      | Found a staircase to the Ecumenical Temple.
  5769 | Temple   | Entered the Ecumenical Temple
  5990 | D:5      | Noticed Eustachio
  6052 | D:5      | Killed Eustachio
  6052 | D:5      | Reached skill level 9 in Unarmed Combat
  6651 | D:6      | Gained mutation: You are completely covered in large bone plates. (SH +8) [demonic ancestry]
  6651 | D:6      | Reached XP level 9. HP: 54/72 MP: 9/9
  7027 | D:6      | Found a glowing drain.
  7031 | Sewer    | Entered a sewer
  7307 | Sewer    | Found a white marble altar of Elyvilon.
  7552 | D:6      | Found Paschuar's Magic Scroll Shoppe.
  7572 | D:6      | Reached skill level 10 in Unarmed Combat
  7654 | D:6      | Bought a scroll of magic mapping for 49 gold pieces
  7654 | D:6      | Bought a scroll of identify for 28 gold pieces
  7654 | D:6      | Bought a scroll of identify for 28 gold pieces
  7654 | D:6      | Bought a scroll of magic mapping for 49 gold pieces
  8278 | D:7      | Found a basalt altar of Yredelemnul.
  9363 | D:8      | Found a bloodstained altar of Trog.
  9378 | D:8      | Identified the Compendium of Stolen Souls
  9483 | D:8      | Reached skill level 11 in Unarmed Combat
  9500 | D:8      | Gained mutation: You have claws for feet. [demonic ancestry]
  9500 | D:8      | Reached XP level 10. HP: 75/82 MP: 10/10
  9604 | D:8      | Noticed kae's ghost (novice DsMo)
 10500 | D:8      | Found an ornate altar of the Wu Jian Council.
 10531 | D:8      | Killed kae's ghost
 10752 | D:9      | Noticed a two-headed ogre
 10798 | D:8      | Became a worshipper of the Wu Jian Council
 10798 | D:8      | Reached * piety under Wu Jian
 10798 | D:8      | Reached ** piety under Wu Jian
 10857 | D:9      | Noticed a two-headed ogre
 10866 | D:9      | Killed a two-headed ogre
 10866 | D:9      | Reached skill level 12 in Unarmed Combat
 11238 | D:9      | Reached skill level 10 in Fighting
 11555 | D:9      | Found a burning altar of Makhleb.
 11578 | D:9      | Noticed a guardian serpent
 11587 | D:9      | Killed a guardian serpent
 11853 | D:9      | Reached skill level 1 in Armour
 11924 | D:9      | Noticed a guardian serpent
 11935 | D:9      | Killed a guardian serpent
 11935 | D:9      | Reached XP level 11. HP: 27/91 MP: 11/11
 12675 | D:10     | Entered Level 10 of the Dungeon
 12936 | D:10     | Found a staircase to the Orcish Mines.
 12963 | D:10     | Reached *** piety under Wu Jian
 13335 | D:10     | Found an ancient bone altar of Kikubaaqudgha.
 13505 | D:10     | Noticed arthur's ghost (journeyman GrEE)
 13559 | D:10     | Killed arthur's ghost
 14369 | D:11     | Noticed a red ugly thing
 14380 | D:11     | Killed a red ugly thing
 14380 | D:11     | Reached skill level 13 in Unarmed Combat
 15095 | D:11     | Noticed a two-headed ogre
 15111 | D:11     | Killed a two-headed ogre
 15140 | D:11     | Noticed kae's ghost (journeyman DsMo)
 15855 | D:11     | Killed kae's ghost
 16223 | D:11     | Found a staircase to the Lair.
 16226 | D:11     | Noticed a purple ugly thing
 16797 | D:11     | Killed a purple ugly thing
 16797 | D:11     | Reached skill level 5 in Dodging
 17012 | D:12     | Noticed a deep elf mage
 17025 | D:12     | Killed a deep elf mage
 17080 | D:12     | Noticed a purple ugly thing
 17095 | D:12     | Killed a purple ugly thing
 17095 | D:12     | Gained mutation: You sometimes gain a little power by taking damage. [demonic ancestry]
 17095 | D:12     | Reached XP level 12. HP: 66/100 MP: 12/12
 17346 | D:12     | Killed a two-headed ogre
 18119 | Lair:1   | Entered Level 1 of the Lair of Beasts
 18240 | Lair:1   | Reached **** piety under Wu Jian
 18550 | Lair:1   | Reached skill level 14 in Unarmed Combat
 18753 | Lair:1   | Reached skill level 5 in Armour
 21893 | Lair:3   | Found a staircase to the Shoals.
 22158 | Lair:3   | Gained mutation: Your flesh is cold resistant. (rC+) [demonic ancestry]
 22158 | Lair:3   | Reached XP level 13. HP: 107/107 MP: 13/13
 22266 | Lair:3   | HP: 4/107 [ice devil (6)]
 22268 | Lair:3   | Slain by an ice devil

Skill      XL: |  1  2  3  4  5  6  7  8  9 10 11 12 |
---------------+-------------------------------------+-----
Unarmed Combat | 3 4 5 6 7 9 11 12 13 14 | 14.7
Fighting       | 4 5 6 7 8 10 11 | 11.9
Dodging        | 3 5 6 |  6.9
Armour         | 1 4 6 |  6.2
Stealth        | |  1.7

Action                   |  1- 3 |  4- 6 |  7- 9 | 10-12 | 13-15 || total
-------------------------+-------+-------+-------+-------+-------++-------
Melee: Unarmed           |   101 |   148 |   517 |   986 |    32 ||  1784
       Kick              |     7 |    36 |   135 |   293 |    13 ||   484
       Punch             |     1 |     4 |    20 |    64 |     3 ||    92
Invok: Lunge             |       |       |       |    62 |       ||    62
       Whirlwind         |       |       |       |   101 |     1 ||   102
       Wall Jump         |       |       |       |    26 |     1 ||    27
       Serpent's Lash    |       |       |       |     2 |     1 ||     3
Evoke: Wand              |       |       |     1 |       |       ||     1
  Use: Potion            |     3 |     2 |     3 |     5 |     1 ||    14
       Scroll            |       |       |    12 |    14 |     1 ||    27
 Stab: Sleeping          |     4 |     1 |     1 |     5 |       ||    11
       Distracted        |       |       |       |     2 |       ||     2
       Fleeing           |       |       |       |     1 |       ||     1
  Eat: Chunk             |     1 |     6 |    16 |    35 |       ||    58
       Ration            |       |     1 |       |     2 |       ||     3
Armor: Robe              |    17 |       |       |       |       ||    17
       Ring mail         |    18 |    22 |    96 |   188 |     4 ||   328
       Skin              |     4 |       |       |       |       ||     4
Dodge: Dodged            |    59 |    56 |   171 |   319 |     8 ||   613
Block: Other             |     5 |    24 |   180 |   361 |    14 ||   584
       Reflection        |       |       |     3 |     4 |       ||     7
